 Dungeon Crawl Stone Soup version 0.30-a0-824-g6c64550be9 (webtiles) character file.

Game seed: 2059751919888007039

6500 Nacht the Scholar of Death (level 10, -10/63 HPs)
             Began as a Demonspawn Necromancer on Feb 27, 2023.
             Was a Follower of Kikubaaqudgha.
             Killed from afar by a lich (73 damage)
             ... with a bolt of cold
             ... on level 3 of the Abyss.
             The game lasted 00:20:21 (12414 turns).

Nacht the Scholar of Death (DsNe)                  Turns: 12414, Time: 00:20:22

Health: -10/63     AC: 14    Str: 10    XL:     10   Next: 69%
Magic:  24/24      EV: 12    Int: 20    God:    Kikubaaqudgha [*.....]
Gold:   583        SH:  0    Dex: 13    Spells: 21/29 levels left

rFire   . . .      SeeInvis +    w - staff of death
rCold   . . .      Faith    .    (no shield)
rNeg    + . .      Spirit   .    s - +2 robe {Will+}
rPois   +          Reflect  .    v - +2 helmet
rElec   .          Harm     .    p - +2 cloak
rCorr   .          Rampage  .    (no gloves)
Will    +....                    x - +1 pair of boots
Stlth   ++                       y - amulet of magic regeneration
HPRegen 0.30/turn                h - ring of poison resistance
MPRegen 0.59/turn                j - ring of see invisible

@: about to teleport
A: molten scales 1, foul stench 1, demonic magic 2, weakness stinger 2
a: Renounce Religion, Unearth Wretches


You were on level 3 of the Abyss.
You worshipped Kikubaaqudgha.
Kikubaaqudgha was aware of your devotion.
You visited 2 branches of the dungeon, and saw 11 of its levels.
You visited the Abyss 1 time.
You also visited: Sewer.

You collected 583 gold pieces.

Inventory:

Hand Weapons
 q - a +3 dagger of speed
Missiles
 d - 6 curare-tipped darts
 k - a throwing net
 D - 46 poisoned darts (quivered)
Armour
 p - a +2 cloak (worn)
 s - a +2 robe of willpower (worn)
 v - a +2 helmet (worn)
 x - a +1 pair of boots (worn)
Magical Staves
 w - a staff of death (weapon)
Jewellery
 a - a ring of wizardry
 g - a ring of resist corrosion
 h - a ring of poison resistance (left hand)
 j - a ring of see invisible (right hand)
 y - an amulet of magic regeneration (around neck)
Wands
 c - a wand of mindburst (9)
 l - a wand of roots (12)
 r - a wand of polymorph (12)
 E - a wand of charming (7)
Scrolls
 b - 3 scrolls of fear
 i - 3 scrolls of enchant weapon
 n - 2 scrolls of poison
 H - 2 scrolls of identify
 I - a scroll of enchant armour
Potions
 e - 4 potions of curing
 f - 2 potions of attraction
 m - a potion of heal wounds
 t - 3 potions of cancellation
 u - 4 potions of brilliance
 z - 4 potions of haste
 A - a potion of resistance
 B - 2 potions of magic
 C - 2 potions of might {unknown}
 F - a potion of mutation {unknown}
 G - a potion of berserk rage {unknown}


   Skills:
 - Level 1.7 Dodging
 - Level 1.7 Stealth
 - Level 10.0 Spellcasting
 + Level 3.6 Summonings
 - Level 10.0 Necromancy
 + Level 3.3 Ice Magic
 - Level 7.0 Earth Magic


You had 21 spell levels left.
You knew the following spells:

 Your Spells              Type           Power      Damage    Failure   Level
a - Necrotise             Necr           100%       1d9       1%          1
b - Vampiric Draining     Necr           66%        2d10      1%          3
u - Dispel Undead         Necr           66%        3d23      1%          4

Your spell library contained the following spells:

 Spells                   Type           Power      Damage    Failure   Level
 Kiss of Death            Conj/Necr      100%       2d13      1%          1
 Animate Dead             Necr           66%        N/A       1%          4
 Agony                    Necr           66%        N/A       3%          5
 Apportation              Tloc           20%        N/A       7%          1
 Foxfire                  Conj/Fire      40%        2x1d6     7%          1
 Blink                    Tloc           20%        N/A       11%         2
 Lesser Beckoning         Tloc           20%        N/A       11%         2
 Momentum Strike          Conj/Tloc      20%        3d8       11%         2
 Confusing Touch          Hex            10%        N/A       21%         3
 Alistair's Intoxication  Tmut/Pois      6%         N/A       88%         5
 Fireball                 Conj/Fire      5%         3d5       88%         5
 Iskenderun's Battlesphe  Conj           10%        2d6       88%         5
 Conjure Ball Lightning   Conj/Air       5%         3x3d6     100%        6
 Starburst                Conj/Fire      5%         6d4       100%        6
 Orb of Destruction       Conj           5%         9d5       100%        7


Dungeon Overview and Level Annotations

Branches:
Dungeon (10/15)            Temple (1/1) D:7             Orc (0/2) D:9
  Sewer (visited)
   Lair: D:8-11

Altars:
Ashenzari
Cheibriados
Dithmenos
Fedhas
Gozag
Hepliaklqana
Kikubaaqudgha
Makhleb
Nemelex Xobeh
Okawaru
Qazlal
Ru
Sif Muna
Trog
Uskayaw
Vehumet
Wu Jian
Xom
Yredelemnul

Shops:
D:1 (   D:2 *   D:6 :   D:8 (

Annotations:
D:10 Erolcha


Innate Abilities, Weirdness & Mutations

You are partially covered in molten scales. (AC +2)
You may rarely emit foul miasma when damaged in melee.
Spells you cast may paralyse nearby enemies.
You have a tail ending in a sharp stinger.


Message History

The small abomination hits you. The small abomination hits you.
You emit a cloud of foul miasma!
The small abomination hits you.
Casting: Necrotise (safe; 1% risk of failure)
Confirm with . or Enter, or press ? or * to list all spells.
Aiming: Dispel Undead (dangerous; 1% risk of failure)
Press: ? - help, Shift-Dir - straight line, f - small abomination
Aim: a small abomination (100% to hit)
You feel a surge of power!
The small abomination is dispelled!!!
You destroy the small abomination!
Kikubaaqudgha accepts your kill. Malevolent energies surge around you.
A shining eye comes into view.
The golden eye turns its gaze towards you.
The golden eye blinks!
A starcursed mass comes into view.
You plunge deeper into the Abyss.
The abyssal rune of Zot can be found at this depth.
HP restored.
Found a gateway leading deeper into the Abyss.
A small abomination comes into view.
A small abomination is nearby!
Casting: Dispel Undead (dangerous; 1% risk of failure)
Confirm with . or Enter, or press ? or * to list all spells.
Aiming: Dispel Undead (dangerous; 1% risk of failure)
Press: ? - help, Shift-Dir - straight line, f - small abomination
Aim: a small abomination (100% to hit)
You feel a surge of power!
The small abomination is dispelled!!
You destroy the small abomination!
Kikubaaqudgha accepts your kill. Malevolent energies surge around you.
A lich comes into view.
As you read the scroll of teleportation, it crumbles to dust.
You feel strangely unstable.
You feel the power of the Abyss delaying your translocation!
The lich points at you and mumbles some strange words.
The bolt of cold hits you!!!!
Ouch! That really hurt!
You die...
Kikubaaqudgha rasps: "You have failed me!
Welcome... death!"

... ## ##.. #.. ##.
#.. #....#.#.#.....
##..#.#.##...#
#####.##.. .##
#.#..#.# #..#
#.....##..####
....#.....#..§..#.
.......L.....3....
...........@...§...
...................
.....#.....#.....#.
...###...###...##
... #..... ....#
....##. ###.# ....
..# .## ..


You could see a lich and a ynoxinul (wandering).

Vanquished Creatures
  A hornet (D:8)
  Sigmund (D:4)
  4 wyverns
  A slime creature (D:9)
  3 yaks (D:8)
  A wraith (D:9)
  A water moccasin (D:7)
  2 small abominations
  An ice beast (D:7)
  An orc warrior (D:9)
  2 black bears
  3 ogres
  3 centaurs
  2 phantoms (D:5)
  5 kobold brigands
  A bullfrog (D:8)
  A gnoll sergeant (D:5)
  6 scorpions
  A necrophage (D:6)
  23 wights
  10 killer bees
  2 howler monkeys
  An orc priest (D:7)
  A gnoll bouda (D:5)
  A jelly (D:5)
  5 hounds
  Jessica (D:2)
  3 iguanas
  Natasha (thrice) (D:2)
  4 orc wizards
  A mummy (D:8)
  11 gnolls
  10 adders
  A river rat (D:5)
  2 white imps (D:5)
  2 ufetubi
  A worm (D:5)
  2 dart slugs
  32 orcs
  9 ball pythons
  10 bats
  6 endoplasms
  8 giant cockroaches
  6 goblins
  3 hobgoblins (D:1)
  4 jackals (D:2)
  3 quokkas (D:1)
  8 frilled lizards
  29 kobolds
  6 rats
248 creatures vanquished.

Vanquished Creatures (collateral kills)
  A howler monkey (D:9)
  A gnoll (D:5)
  2 endoplasms
  A quokka (D:2)
  2 kobolds
  2 rats
9 creatures vanquished.

Vanquished Creatures (others)
  2 plants
2 creatures vanquished.

Grand Total: 259 creatures vanquished

Notes
Turn   | Place    | Note
-------+----------+-------------------------------------------
     0 | D:1      | Nacht the Demonspawn Necromancer began the quest for the
                  | Orb.
     0 | D:1      | Reached XP level 1. HP: 13/13 MP: 3/3
   150 | D:1      | Gained mutation: You have a small tail. [demonic ancestry]
   150 | D:1      | Reached XP level 2. HP: 7/19 MP: 0/5
   963 | D:1      | Reached skill level 5 in Necromancy
   963 | D:1      | Gained mutation: Spells you cast may paralyse adjacent
                  | enemies. [demonic ancestry]
   963 | D:1      | Reached XP level 3. HP: 24/24 MP: 4/7
  1039 | D:1      | Found Qeth's Weapon Emporium.
  1575 | D:2      | Found Qidoro's General Store.
  1705 | D:2      | Noticed Natasha
  1710 | D:2      | Killed Natasha
  1711 | D:2      | Gained mutation: You are partially covered in molten
                  | scales. (AC +2) [demonic ancestry]
  1711 | D:2      | Reached XP level 4. HP: 30/30 MP: 4/8
  1749 | D:2      | Noticed Natasha
  1790 | D:2      | Killed Natasha
  1820 | D:2      | Noticed Natasha
  1825 | D:2      | Killed Natasha
  1926 | D:2      | Noticed Jessica
  1932 | D:2      | Killed Jessica
  1933 | D:2      | Gained mutation: You may rarely emit foul miasma when
                  | damaged in melee. [demonic ancestry]
  1933 | D:2      | Reached XP level 5. HP: 35/35 MP: 4/10
  3030 | D:3      | Found a sacrificial altar of Ru.
  3452 | D:3      | Learned a level 3 spell: Vampiric Draining
  3457 | D:3      | Learned a level 4 spell: Animate Dead
  3461 | D:4      | Gained mutation: Spells you cast may paralyse nearby
                  | enemies. [demonic ancestry]
  3461 | D:4      | Reached XP level 6. HP: 41/41 MP: 9/12
  3630 | D:4      | Noticed Sigmund
  3645 | D:4      | Killed Sigmund
  3646 | D:4      | Reached skill level 5 in Spellcasting
  3646 | D:4      | Gained mutation: You have a tail ending in a sharp stinger.
                  | [demonic ancestry]
  3646 | D:4      | Reached XP level 7. HP: 46/46 MP: 8/14
  4201 | D:5      | Entered Level 5 of the Dungeon
  4657 | D:5      | Reached XP level 8. HP: 52/52 MP: 14/17
  4699 | D:5      | Found a glowing drain.
  4706 | Sewer    | Entered a sewer
  6616 | D:6      | Reached skill level 10 in Necromancy
  6626 | D:6      | Reached XP level 9. HP: 57/57 MP: 13/21
  6661 | D:6      | Found Roolaifa's Book Shoppe.
  7350 | D:7      | Found a hide-covered altar of Uskayaw.
  7743 | D:7      | Found a hazy altar of Hepliaklqana.
  7744 | D:7      | Found a sparkling altar of Nemelex Xobeh.
  7744 | D:7      | Found a basalt altar of Yredelemnul.
  7752 | D:7      | Found an ornate altar of the Wu Jian Council.
  7755 | D:7      | Found a broken altar of Ashenzari.
  8032 | D:7      | Reached skill level 10 in Spellcasting
  8212 | D:7      | Reached skill level 1 in Earth Magic
  8701 | D:7      | Found a staircase to the Ecumenical Temple.
  8821 | Temple   | Entered the Ecumenical Temple
  8888 | Temple   | Became a worshipper of Kikubaaqudgha
  8975 | D:8      | Found a snail-covered altar of Cheibriados.
  9170 | D:8      | Reached XP level 10. HP: 63/63 MP: 15/24
  9201 | D:8      | Reached skill level 5 in Earth Magic
  9211 | D:8      | Found Wopilu's Weapon Shoppe.
 10574 | D:9      | Reached * piety under Kikubaaqudgha
 10574 | D:9      | Received a gift from Kikubaaqudgha
 10860 | D:9      | Found a staircase to the Orcish Mines.
 11132 | D:9      | Found a shimmering blue altar of Sif Muna.
 11227 | D:9      | Reached skill level 1 in Summonings
 11227 | D:9      | Reached skill level 1 in Ice Magic
 11493 | D:9      | Learned a level 4 spell: Dispel Undead
 12127 | D:10     | Entered Level 10 of the Dungeon
 12279 | D:10     | Noticed Erolcha
 12294 | Abyss:2  | Cast into level 2 of the Abyss (Erolcha)
 12318 | Abyss:2  | Noticed a tentacled starspawn
 12324 | Abyss:2  | Found a corrupted altar of Lugonu.
 12339 | Abyss:2  | Noticed a flayed ghost
 12348 | Abyss:2  | Noticed a shining eye
 12355 | Abyss:2  | Noticed a starcursed mass
 12410 | Abyss:3  | Noticed a lich
 12414 | Abyss:3  | Killed from afar by a lich

Illustrated notes

Levels and vault maps discovered:
D:1:      heliophobic_arrival_battle_scene, layout_loops_ring, serial_shops,
          shop, dreamdust_princess_bridge, minmay_misc_feat_four_crosses,
          minmay_tetromino_l2
D:2:      layout_loops_ring, serial_shops, shop, uniq_natasha, uniq_jessica
D:3:      layout_loops_ring, mainiacjoe_overflow_paths, serial_forest,
          infiniplex_forest_straight_3, infiniplex_forest_end_double,
          infiniplex_forest_clump_diagonal, infiniplex_forest_straight_3,
          infiniplex_forest_clump_long, infiniplex_forest_corner_2,
          infiniplex_forest_lined_room_2, infiniplex_forest_lined_4_way,
          minmay_vboxes
D:4:      layout_rooms, st_stairs_2, uniq_sigmund
D:5:      lemuel_ice_spiral_2, layout_basic, gup_sewer_entry_bubbles,
          minmay_crossroads
D:6:      layout_loops_cross, serial_shops, kennysheep_little_box,
          nicolae_water_bricks
D:7:      layout_loops_ring, nicolae_uskayaw_suspiria,
          minmay_overflow_temple_star_hex, minmay_temple_entry_statues,
          kennysheep_cluttered_room, grunt_decor_mini_mirrors
D:8:      layout_basic, slow_altar_1, serial_shops,
          nicolae_shop_bloodbath_and_beyond
D:9:      layout_grid_maze, lemuel_doored_altar, david_orc_2, minmay_microvault
D:10:     layout_gridville, dreamdust_wishing_well, uniq_erolcha
Temple:   nicolae_temple_bog_church
Abyss:3:  base: D:3, hangedman_abyss_or_decor_lesser_grid

Skill      XL: |  1  2  3  4  5  6  7  8  9 10 |
---------------+-------------------------------+-----
Necromancy     | 5 6 7 8 10 | 10.0
Spellcasting   | 3 4 5 6 8 10 | 10.0
Earth Magic    | 4 7 |  7.0
Summonings     | 3 |  3.6
Ice Magic      | 3 |  3.3
Dodging        | |  1.7
Stealth        | |  1.7

Action                     |  1- 3 |  4- 6 |  7- 9 | 10-12 || total
---------------------------+-------+-------+-------+-------++-------
  Melee: Short sword       |    18 |    11 |       |       ||    29
         Unarmed           |     2 |       |       |       ||     2
         Punch             |     1 |       |     3 |     2 ||     6
         Tailslap          |     1 |     2 |    43 |    23 ||    69
         Dagger            |       |     5 |   228 |   101 ||   334
         Staff             |       |       |    44 |     1 ||    45
  Throw: Dart              |       |       |       |     1 ||     1
   Cast: Necrotise         |    76 |    74 |   272 |    74 ||   496
         Vampiric Draining |       |       |    44 |    21 ||    65
         Dispel Undead     |       |       |       |    16 ||    16
    Use: Potion            |     1 |       |     2 |       ||     3
         Scroll            |       |     7 |     9 |     5 ||    21
   Stab: Paralysed         |       |    11 |    12 |     4 ||    27
         Sleeping          |       |     2 |       |       ||     2
 Armour: Robe              |    19 |     8 |   105 |    24 ||   156
  Dodge: Dodged            |    41 |    20 |   208 |    69 ||   338

Table legend: (Time is in decaauts)
 A = Elapsed time spent in this place.
 B = Non-inter-level travel time spent in this place.
 C = Inter-level travel time spent in this place.
 D = Time resting spent in this place.
 E = Time spent auto-exploring this place.
 F = Levels seen in this place.
 G = Mean time per level.
                   A        B        C        D        E       F      G
               +--------+--------+--------+--------+--------+-----+--------+
         Total |  12340 |  11908 |    432 |     40 |   9514 |  14 |  881.4 |
       Dungeon |  11428 |  11020 |    408 |     40 |   8885 |  10 | 1142.8 |
        Temple |     93 |     69 |     24 |      0 |     42 |   1 |   93.0 |
         Abyss |    119 |    119 |      0 |      0 |     39 |   2 |   59.5 |
         Sewer |    699 |    699 |      0 |      0 |    547 |   1 |  699.0 |
               +--------+--------+--------+--------+--------+-----+--------+

Top non-repeatable levels by time:
     D:8: 1704 daAuts
     D:7: 1509 daAuts
     D:5: 1483 daAuts
     D:9: 1403 daAuts
     D:1: 1224 daAuts
     D:3: 1120 daAuts
     D:2: 1110 daAuts
     D:6: 854 daAuts
     D:4: 851 daAuts
   Sewer: 699 daAuts
    D:10: 166 daAuts
  Temple: 93 daAuts
 Abyss:2: 60 daAuts
 Abyss:3: 58 daAuts
